 Dungeon Crawl Stone Soup version 0.31.0-9-g3a7656b989 (webtiles) character file.

Game seed: 12041980018576460713

84079 RepoMan the Bewitcher (level 15, 0/92 HPs)
             Began as a Vampire Fire Elementalist on Jan 27, 2024.
             Was a High Priest of Sif Muna.
             Slain by a ghost moth (13 damage)
             ... led by a torpor snail
             ... on level 1 of the Spider Nest.
             The game lasted 04:30:11 (37537 turns).

RepoMan the Bewitcher (Vampire Fire Elementalist)  Turns: 37537, Time: 04:30:11

Health: 0/92       AC: 10    Str:  5 (7)  XL:     15   Next: 34%
Magic:  14/27      EV: 17    Int: 30      God:    Sif Muna [*****.]
Gold:   602        SH:  7    Dex: 16      Spells: 2/31 levels left

rFire   + + .        s - +5 spear of World Downfall {spect, rElec rF++ rN+ Will+}
rCold   + + .        B - +2 buckler
rNeg    + + +        T - +1 robe {Will+}
rPois   ∞            C - +2 hat {Stlth+}
rElec   +            H - +2 cloak {Stlth+}
rCorr   .            j - +0 pair of gloves
SInv    +            p - +0 pair of boots
Will    +++..        g - amulet of regeneration
Stlth   +++++++++    y - +6 ring of intelligence
HPRegen 0.00/turn    w - ring of wizardry
MPRegen 0.20/turn

%: wizardry (x1)
@: bloodless, inhibited regen, slowed, very slow
A: bloodless, fangs 3, see invisible, vampiric 2
a: Bat Form, Revivify, Renounce Religion, Channel Magic, Forget Spell, Divine
Exegesis


You were on level 1 of the Spider Nest.
You worshipped Sif Muna.
Sif Muna was extremely pleased with you.
You visited 6 branches of the dungeon, and saw 26 of its levels.
You also visited: Ice Cave.

You collected 1739 gold pieces.
You spent 1137 gold pieces at shops.

Inventory:

Hand Weapons
 d - a +4 dagger of venom
 s - the +5 spear of World Downfall (weapon) {spect, rElec rF++ rN+ Will+}
   (You found it on level 11 of the Dungeon)

   rF++:      It greatly protects you from fire.
   rElec:     It insulates you from electricity.
   rN+:       It protects you from negative energy.
   Will+:     It increases your willpower.
 Z - a +5 dagger
Missiles
 c - 147 stones
 L - 16 poisoned darts
 X - 3 datura-tipped darts
Armour
 f - a +1 kite shield of cold resistance
 i - a +2 robe of fire resistance
 j - a +0 pair of gloves (worn)
 p - a +0 pair of boots (worn)
 B - a +2 buckler (worn)
 C - a +2 hat of stealth (worn)
 H - a +2 cloak of stealth (worn)
 T - a +1 robe of willpower (worn)
Magical Staves
 P - the staff of Hyurgh {rElec Dex+4 Air}
   (You found it on level 9 of the Dungeon)

   [staff of air]

   Base accuracy: +5 Base damage: 5 Base attack delay: 1.2 This weapon's minimum
   attack delay (0.6) is reached at skill level 12.
   Dex+4:     It affects your dexterity (+4).
   rElec:     It insulates you from electricity.
   Air:       It increases the power of your Air spells.
   It falls into the 'Staves' category.
   It is a one-handed weapon.
Jewellery
 e - a ring of positive energy
 g - an amulet of regeneration (around neck)
 q - a ring of poison resistance
 w - a ring of wizardry (right hand)
 x - a +6 ring of intelligence
 y - a +6 ring of intelligence (left hand)
 E - an amulet of the acrobat
 O - a ring of willpower
 Q - a ring of magical power
 W - the ring of Undoing {Fly rN+ Will- Str+3 Slay+3}
   (You found it on level 4 of the Lair of Beasts)

   [ring of flight]

   Str+3:     It affects your strength (+3).
   Slay+3:    It affects your accuracy & damage with ranged weapons and melee
   (+3).
   rN+:       It protects you from negative energy.
   Will-:     It decreases your willpower.
   Fly:       It grants you flight.
Talismans
 n - a dragon-blood talisman
 r - a serpent talisman
Wands
 l - a wand of flame (8)
 U - a wand of digging (1)
 Y - a wand of iceblast (5)
Scrolls
 h - 5 scrolls of enchant weapon
 k - 5 scrolls of amnesia
 m - 2 scrolls of noise
 v - 2 scrolls of immolation
 z - a scroll of enchant armour
 I - 2 scrolls of identify
Potions
 a - 4 potions of mutation
 b - 3 potions of enlightenment
 o - 4 potions of curing
 t - 4 potions of attraction
 A - a potion of resistance
 D - a potion of ambrosia
 F - 3 potions of berserk rage
 J - 2 potions of heal wounds
 N - 2 potions of brilliance
 R - a potion of lignification
 S - 8 potions of might


   Skills:
 - Level 9.9 Fighting
 - Level 11.1 Short Blades
 - Level 3.3 Armour
 - Level 11.1 Dodging
 - Level 11.1 Stealth
 - Level 3.3 Shields
 * Level 8.8 Spellcasting
 - Level 1.1 Conjurations
 + Level 20.6 Hexes
 - Level 3.3 Fire Magic
 - Level 5.5 Alchemy
 - Level 6.6 Invocations


You had 2 spell levels left.
You knew the following spells:

 Your Spells              Type           Power      Damage    Failure   Level
a - Tukima's Dance        Hex            95%        N/A       0%          3
d - Dazzling Flash        Conj/Hex       100%       N/A       1%          3
f - Cause Fear            Hex            47%        N/A       0%          4
i - Inner Flame           Hex/Fire       71%        N/A       1%          3
q - Foxfire               Conj/Fire      100%       2x1d9     1%          1
r - Scorch                Fire           66%        2d7       1%          2
y - Yara's Violent Unrav  Hex/Alch       37%        3d15      1%          5
D - Discord               Hex            47%        N/A       4%          8

Your spell library contained the following spells:

 Spells                   Type           Power      Damage    Failure   Level
 Magic Dart               Conj           76%        1d6       1%          1
 Blink                    Tloc           26%        N/A       4%          2
 Call Imp                 Summ           26%        N/A       4%          2
 Lesser Beckoning         Tloc           26%        N/A       4%          2
 Sigil of Binding         Hex            95%        N/A       0%          3
 Metabolic Englaciation   Hex/Ice        33%        N/A       1%          5
 Silence                  Hex/Air        33%        N/A       1%          5
 Summon Mana Viper        Hex/Summ       66%        N/A       1%          5
 Mephitic Cloud           Conj/Alch/Air  26%        N/A       3%          3
 Volatile Blastmotes      Fire/Tloc      46%        2d13      4%          3
 Hailstorm                Conj/Ice       16%        3d6       6%          3
 Gell's Gravitas          Tloc           13%        N/A       9%          3
 Summon Ice Beast         Ice/Summ       13%        N/A       9%          3
 Teleport Other           Tloc           13%        N/A       9%          3
 Leda's Liquefaction      Alch/Erth      14%        N/A       9%          4
 Flame Wave               Conj/Fire      26%        2d8       12%         4
 Passage of Golubria      Tloc           13%        N/A       26%         4
 Curse of Agony           Necr           13%        N/A       56%         5
 Lee's Rapid Deconstruct  Erth           6%         3d6*      56%         5
 Summon Forest            Summ/Tloc      6%         N/A       56%         5
 Sculpt Simulacrum        Ice/Alch       14%        N/A       77%         6
 Starburst                Conj/Fire      13%        6d5       83%         6
 Plasma Beam              Fire/Air       11%        2x1d22    88%         6
 Bombard                  Conj/Erth      8%         9d2       96%         6
 Summon Cactus Giant      Summ           6%         N/A       98%         6


Dungeon Overview and Level Annotations

Branches:
Dungeon (14/15)            Temple (1/1) D:5            Lair (5/5) D:8
 Spider (1/4) Lair:2        Slime (0/5) Lair:5          Orc (2/2) D:10
    Elf (3/3) Orc:2        Vaults (0/5) D:14          IceCv (visited)
  Swamp: Lair:2-3    Shoals: Lair:2-3

Altars:
Ashenzari
Cheibriados
Dithmenos
Fedhas
Gozag
Hepliaklqana
Kikubaaqudgha
Makhleb
Nemelex Xobeh
Okawaru
Qazlal
Ru
Sif Muna
Trog
Uskayaw
Vehumet
Wu Jian
Xom
Yredelemnul
Jiyva

Shops:
D:1 ?   D:9 (   D:10 ([!*   Orc:2 !*[=

Portals:
Pandemonium: Orc:2

Annotations:
D:1 Potion
D:9 exclusion: downstairs
D:11 exclusion: downstairs
D:12 exclusion: downstairs
Lair:2 3 runed translucent doors, exclusion: downstairs, confidenceinterval's ghost, adept MiFi; dvd2's ghost, journeyman MiBe; kal9871's ghost, journeyman TrSh
Lair:3 exclusion: downstairs, Snorg
Lair:4 exclusion: downstairs
Elf:1 exclusion: dancing weapon, Aizul; Donald
Elf:2 3 runed translucent doors, exclusions: air elemental, dancing weapon and 4 doors


Innate Abilities, Weirdness & Mutations

You do not regenerate when monsters are visible.
You are frail without blood (-20% HP).
You can heal yourself when you bite living creatures.
You are immune to poison.
You have razor-sharp teeth.
You have supernaturally acute eyesight. (SInv)
You are afflicted with vampirism and can become a bat while bloodless.


Message History

Here: a ghost moth (poison gas, lightly wounded, slightly transparent)
The floor.
Okay, then.
Press: ? - help, v - describe, . - travel
Here: a ghost moth (poison gas, lightly wounded, slightly transparent)
The floor.
Unknown command.
Okay, then.
Unknown command.
As you read the scroll of torment, it crumbles to dust.
You feel a surge of unholy energy.
The ghost moth convulses!
The ghost moth stares at you. You block the ghost moth's attack.
The ghost moth hits you. The ghost moth barely misses you.
Being near the torpor snail leaves you feeling lethargic.
You block the ghost moth's attack. The ghost moth misses you. x2
Okay, then.
Unknown command.
Unknown command.
Unknown command.
Okay, then.
Okay, then.
Unknown command.
Magic courses through your body. The ghost moth completely misses you.
The ghost moth barely misses you. You block the ghost moth's attack.
Okay, then.
You fail to use your ability.
The ghost moth stares at you.
You feel your power leaking away.
The ghost moth closely misses you. x2; You block the ghost moth's attack.
The ghost moth hits you!!
* * * LOW HITPOINT WARNING * * *
The ghost moth hits you.
* * * LOW HITPOINT WARNING * * *
The ghost moth stings you but does no damage.
You fail to use your ability.
The ghost moth hits you!
* * * LOW HITPOINT WARNING * * *
You feel weakened. The ghost moth hits you!
You die...

#....#####......##.#
.......[##^......#.#
........##........###
.........#..........##
.....................#
....................#
..^.................##
............°........#
...............y@...##
........w....°......#
.........#°...#.....#
........#..w..°##...#
...........°...##^###
.......##...........#
.....## ###.........##
..## ####..^......#
...##..###..##


You could see a ghost moth (invisible) and a torpor snail (misshapen).

Vanquished Creatures
  Saint Roka (Orc:2)
  Agnes (Elf:1)
  Gastronok (D:10)
  A reaper (IceCv)
  2 orc warlords (Orc:2)
  An ettin (Orc:1)
  Josephine (D:12)
  Erolcha (D:10)
  4 hydras
  3 boulder beetles
  4 centaur warriors
  A two-headed ogre (Orc:2)
  Nergalle (D:12)
  Sonja (D:12)
  2 deep elf knights
  A skyshark (Lair:3)
  3 deep elf archers
  A lindwurm (Lair:4)
  An orc knight (Orc:2)
  4 deep elf zephyrmancers
  A harpy (shapeshifter) (Elf:2)
  3 necromancers (Orc:1)
  2 deep elf pyromancers (Elf:3)
  7 cyclopes
  4 orc sorcerers
  An ugly thing (D:11)
  An oklob plant (Lair:3)
  3 meliai (D:12)
  5 black mambas
  A rust devil (Orc:2)
  2 unseen horrors
  7 cane toads
  2 rime drakes
  A kobold demonologist (D:13)
  8 komodo dragons
  4 polar bears
  3 trolls
  A red devil (Orc:2)
  2 dancing weapons
  A polar bear (shapeshifter) (D:14)
  2 ettin zombies (Orc:1)
  A hornet (D:9)
  10 blink frogs
  5 slime creatures
  An air elemental (Elf:3)
  A spriggan (D:8)
  7 wraiths
  A shadow (D:10)
  3 dire elephant simulacra (IceCv)
  4 wyverns
  32 yaks
  Grum (D:8)
  2 basilisks
  3 wargs
  A vampire mosquito (D:13)
  2 redbacks (Spider:1)
  Menkaure (D:7)
  4 death yak simulacra (IceCv)
  Edmund (D:6)
  3 harpy simulacra (IceCv)
  10 water moccasins
  A hydra simulacrum (IceCv)
  5 ice beasts
  3 orc zombies (Orc:1)
  39 orc warriors
  A swamp drake (Orc:2)
  6 ogres
  2 black bears
  2 ettin simulacra (Orc:1)
  12 wolves
  6 centaurs
  The ghost of Henri the Insei, an amateur OpSh (D:3)
  A phantom (D:6)
  10 bullfrogs
  2 earth elementals
  2 gnoll sergeants
  A cane toad simulacrum (IceCv)
  7 two-headed ogre simulacra (IceCv)
  8 scorpions
  18 wights
  10 killer bees
  4 elephant simulacra (IceCv)
  2 howler monkeys
  An electric eel (Lair:4)
  A crimson imp (Orc:2)
  3 jellies
  3 bombardier beetles
  A gnoll bouda (D:5)
  6 hounds
  24 orc priests
  An iron imp (Orc:2)
  A cyclops simulacrum (Orc:1)
  5 iguanas
  19 orc wizards
  A sleepcap (D:7)
  A polar bear simulacrum (IceCv)
  6 troll simulacra (IceCv)
  7 spriggan simulacra (IceCv)
  A wolf simulacrum (IceCv)
  An ogre zombie (Orc:1)
  Robin (D:2)
  11 adders
  13 gnolls
  6 naga simulacra (IceCv)
  A shadow imp (Orc:2)
  4 white imps
  2 ufetubi (IceCv)
  An orc simulacrum (Orc:1)
  An orc skeleton (Orc:1)
  6 dart slugs
  3 ribbon worms
  93 orcs
  5 ball pythons
  11 endoplasms
  6 giant cockroaches
  14 goblins
  9 hobgoblins
  8 jackals
  2 quokkas
  6 bats
  3 frilled lizards
  3 kobolds
  8 rats
631 creatures vanquished.

Vanquished Creatures (collateral kills)
  3 dancing weapons
  2 death yaks
  6 orc high priests (Orc:2)
  A sixfirhy (Orc:2)
  A deep elf archer (Elf:1)
  5 deep elf zephyrmancers
  5 deep elf pyromancers (Elf:1)
  3 orc knights (Orc:2)
  An orc sorcerer (Orc:2)
  A kobold blastminer (Orc:2)
  An orange demon (Orc:2)
  A cane toad (Lair:4)
  An ice devil (Orc:2)
  2 komodo dragons
  A blink frog (Lair:4)
  2 jumping spiders (Spider:1)
  An air elemental (Elf:1)
  A wraith (D:14)
  2 redbacks (Spider:1)
  6 vampire mosquitoes
  4 orc warriors (Orc:2)
  An ettin simulacrum (D:14)
  7 centaurs (D:14)
  A jelly (Lair:5)
  4 orc priests (Orc:2)
  A white imp (Orc:2)
  2 orcs (Orc:2)
  A foxfire (Lair:5)
  A spectral weapon (D:10)
68 creatures vanquished.

Vanquished Creatures (others)
  A demonspawn (Orc:2)
  2 orc high priests (Orc:2)
  An orc sorcerer (Orc:2)
  2 deep elf zephyrmancers (Elf:3)
  A deep elf pyromancer (Elf:1)
  4 dancing weapons (Orc:2)
  A jumping spider (Spider:1)
  A redback (Spider:1)
  A vampire mosquito (D:14)
  An orc priest (Orc:2)
  2 orc wizards (Orc:2)
  An ufetubus (IceCv)
  An orc (Orc:2)
  1105 foxfires
1124 creatures vanquished.

Grand Total: 1823 creatures vanquished

Notes
Turn   | Place    | Note
-------+----------+-------------------------------------------
     0 | D:1      | RepoMan the Vampire Fire Elementalist began the quest for
                  | the Orb.
     0 | D:1      | Reached XP level 1. HP: 13/13 MP: 3/3
   198 | D:1      | Reached skill level 1 in Conjurations
   198 | D:1      | Reached XP level 2. HP: 19/19 MP: 0/5
   219 | D:1      | Learned a level 2 spell: Scorch
   270 | D:1      | Found Acsasene's Magic Scroll Boutique.
   672 | D:1      | Gained mutation: You are afflicted with vampirism and can
                  | become a bat while bloodless. [Vampire growth]
   672 | D:1      | Reached XP level 3. HP: 24/24 MP: 4/6
   678 | D:1      | Learned a level 3 spell: Inner Flame
   868 | D:1      | Reached skill level 1 in Hexes
  1010 | D:2      | Found a hazy altar of Hepliaklqana.
  1247 | D:2      | Reached skill level 2 in Hexes
  1305 | D:2      | Reached XP level 4. HP: 31/31 MP: 5/7
  1356 | D:2      | Found a faded altar of an unknown god.
  1371 | D:2      | Reached skill level 1 in Fighting
  1426 | D:2      | Noticed Robin
  1510 | D:2      | Reached skill level 3 in Hexes
  1625 | D:1      | Bought a scroll of noise for 14 gold pieces
  2230 | D:3      | Reached skill level 4 in Hexes
  2469 | D:3      | Found a runed translucent door.
  2470 | D:3      | Noticed Henri's ghost (amateur OpSh)
  2481 | D:3      | Found an ancient bone altar of Kikubaaqudgha.
  2510 | D:3      | Reached XP level 5. HP: 37/37 MP: 5/8
  2591 | D:3      | Found a runed translucent door.
  2988 | D:4      | Reached skill level 5 in Hexes
  3079 | D:4      | Noticed an ogre
  3087 | D:4      | Killed an ogre
  3088 | D:4      | Reached XP level 6. HP: 44/44 MP: 2/10
  3355 | D:4      | Found a stormy altar of Qazlal.
  3372 | D:4      | Reached skill level 6 in Hexes
  3559 | D:4      | Learned a level 3 spell: Dazzling Flash
  3730 | D:5      | Entered Level 5 of the Dungeon
  3732 | D:5      | Noticed an ice beast
  3744 | D:5      | Killed an ice beast
  3758 | D:4      | Reached XP level 7. HP: 51/51 MP: 0/11
  3909 | D:5      | Reached skill level 7 in Hexes
  4437 | D:5      | Reached skill level 1 in Short Blades
  4844 | D:5      | Reached skill level 5 in Stealth
  4844 | D:5      | Reached skill level 8 in Hexes
  4844 | D:5      | Reached XP level 8. HP: 58/58 MP: 6/13
  5512 | D:5      | Found a staircase to the Ecumenical Temple.
  5521 | Temple   | Entered the Ecumenical Temple
  5536 | Temple   | Became a worshipper of Sif Muna the Loreminder
  5701 | D:6      | Noticed Edmund
  5710 | D:6      | Killed Edmund
  6012 | D:6      | Reached skill level 1 in Shields
  6202 | D:6      | Reached skill level 1 in Armour
  6440 | D:6      | Found a shadowy altar of Dithmenos.
  6480 | D:6      | Learned a level 3 spell: Tukima's Dance
  6961 | D:7      | Reached XP level 9. HP: 32/65 MP: 5/15
  7087 | D:7      | Noticed Menkaure
  7092 | D:7      | Killed Menkaure
  7500 | D:7      | Found a shimmering altar of Xom.
  7537 | D:7      | Reached skill level 9 in Hexes
  7544 | D:7      | Reached skill level 5 in Short Blades
  7574 | D:7      | Reached * piety under Sif Muna
  8205 | D:7      | Found a burning altar of Makhleb.
  8206 | D:7      | Noticed an Executioner
  8206 | D:7      | Noticed an angel
  8569 | D:1      | Bought a scroll of teleportation for 42 gold pieces
  8569 | D:1      | Bought a scroll of immolation for 56 gold pieces
  8569 | D:1      | Bought a scroll of vulnerability for 56 gold pieces
  8569 | D:1      | Bought a scroll of fog for 56 gold pieces
  8634 | D:2      | Killed Robin
  8848 | D:3      | Killed Henri's ghost
  8849 | D:3      | Reached skill level 1 in Invocations
  9140 | D:8      | Found a blossoming altar of Fedhas.
  9403 | D:8      | Reached skill level 5 in Dodging
  9614 | D:8      | Noticed Grum
  9619 | D:8      | Killed Grum
  9620 | D:8      | Reached skill level 5 in Fighting
  9684 | D:8      | Reached XP level 10. HP: 67/74 MP: 4/16
  9799 | D:8      | Reached ** piety under Sif Muna
 10190 | D:8      | Found an ornate altar of the Wu Jian Council.
 10192 | D:8      | Found an iron altar of Okawaru.
 10610 | D:8      | Found a staircase to the Lair.
 11035 | D:9      | Found Hemor's Antique Weapon Boutique.
 11183 | D:9      | Found a snail-covered altar of Cheibriados.
 11276 | D:9      | Paralysed by a hornet for 3 turns
 11533 | D:9      | Identified the staff of Hyurgh {rElec Dex+4 Air}
 11552 | D:9      | Reached skill level 10 in Hexes
 11902 | D:9      | Paralysed by a hornet for 3 turns
 12073 | D:9      | Found an opulent altar of Gozag.
 12137 | D:10     | Entered Level 10 of the Dungeon
 12153 | D:10     | Noticed Gastronok
 12201 | D:10     | Found Zautwia's Distillery.
 12203 | D:10     | Bought a potion of degeneration for 13 gold pieces
 12203 | D:10     | Bought a potion of lignification for 39 gold pieces
 12203 | D:10     | Bought a potion of might for 52 gold pieces
 12204 | D:10     | Found a hide-covered altar of Uskayaw.
 12470 | D:10     | Found Boebamu's Antique Armour Boutique.
 12548 | D:10     | Reached XP level 11. HP: 72/81 MP: 1/17
 12663 | D:10     | Found a bloodstained altar of Trog.
 12811 | D:10     | Reached *** piety under Sif Muna
 12946 | D:10     | Noticed Erolcha
 12958 | D:10     | Found Zueczoel's General Store.
 13056 | Lair:1   | Entered Level 1 of the Lair of Beasts
 13509 | Lair:1   | Reached skill level 11 in Hexes
 14114 | Lair:2   | Learned a level 5 spell: Yara's Violent Unravelling
 14492 | Lair:2   | Found a hole to the Spider Nest.
 14577 | Lair:2   | Reached skill level 1 in Alchemy
 14696 | Lair:2   | Found a runed translucent gate.
 14697 | Lair:2   | Found a runed translucent gate.
 14698 | Lair:2   | Found a runed translucent gate.
 14709 | Lair:2   | Noticed dvd2's ghost (journeyman MiBe)
 14710 | Lair:2   | Noticed confidenceinterval's ghost (adept MiFi)
 14897 | Lair:2   | Noticed a seven-headed hydra
 14906 | Lair:2   | Killed a seven-headed hydra
 15296 | Lair:2   | Noticed kal9871's ghost (journeyman TrSh)
 15350 | Lair:3   | Noticed a spriggan druid
 15439 | Lair:3   | Noticed an oklob plant
 15468 | Lair:3   | Killed an oklob plant
 15492 | Lair:3   | Reached skill level 5 in Invocations
 15717 | Lair:3   | Reached XP level 12. HP: 91/91 MP: 18/18
 15743 | Lair:3   | Noticed Snorg
 15778 | Lair:4   | Identified the ring of Undoing {Fly rN+ Will- Str+3 Slay+3}
 15789 | Lair:4   | Noticed a five-headed hydra
 16002 | Lair:3   | Reached **** piety under Sif Muna
 16276 | Lair:4   | Reached skill level 10 in Short Blades
 16546 | Lair:4   | Reached skill level 12 in Hexes
 16731 | Lair:4   | Killed a five-headed hydra
 16799 | Lair:4   | Reached skill level 10 in Stealth
 17725 | Lair:5   | Entered Level 5 of the Lair of Beasts
 17725 | Lair:5   | Noticed a five-headed hydra
 17727 | Lair:5   | Killed a five-headed hydra
 17747 | Lair:4   | Reached skill level 13 in Hexes
 17802 | Lair:5   | Noticed a five-headed hydra
 17898 | Lair:5   | Noticed a boulder beetle
 17969 | Lair:4   | Killed a five-headed hydra
 18237 | Lair:5   | Noticed a death yak
 18314 | Lair:5   | Noticed a catoblepas
 18525 | D:10     | Bought an embroidered cloak for 165 gold pieces
 18587 | D:11     | Noticed a boulder beetle
 18629 | D:11     | Killed a boulder beetle
 18692 | D:11     | Noticed a boulder beetle
 18976 | D:11     | Identified the +5 spear of World Downfall {spect, rElec
                  | rF++ rN+ Will+}
 19112 | D:11     | Killed a boulder beetle
 19493 | D:12     | Noticed Josephine
 19694 | D:12     | Reached XP level 13. HP: 98/98 MP: 15/19
 19858 | D:12     | Noticed Nergalle
 19889 | D:12     | Killed Nergalle
 19918 | D:12     | Found a frozen archway.
 19967 | IceCv    | Entered an ice cave
 20229 | IceCv    | Reached ***** piety under Sif Muna
 20345 | IceCv    | Reached skill level 14 in Hexes
 21573 | IceCv    | Noticed a reaper
 21611 | IceCv    | Killed a reaper
 22021 | IceCv    | Received a gift from Sif Muna
 22022 | IceCv    | Got Sif Muna's Compendium of the Maleficium {god gift}
 22335 | D:12     | Noticed Sonja
 22613 | D:12     | Killed Sonja
 23131 | D:11     | Learned a level 4 spell: Cause Fear
 23777 | D:10     | Found Mielan's Antique Weapon Boutique.
 23849 | D:10     | Found a staircase to the Orcish Mines.
 23978 | D:10     | Killed Gastronok
 23979 | D:10     | Reached skill level 15 in Hexes
 24377 | D:10     | Bought a scroll of poison for 56 gold pieces
 24377 | D:10     | Bought a scroll of teleportation for 42 gold pieces
 24473 | D:10     | Killed Erolcha
 24474 | D:10     | Reached skill level 5 in Spellcasting
 24594 | Orc:1    | Entered Level 1 of the Orcish Mines
 24848 | Orc:1    | Noticed an ettin
 24870 | Orc:1    | Killed an ettin
 25110 | Orc:1    | Reached skill level 10 in Dodging
 25517 | Orc:1    | Reached skill level 5 in Alchemy
 25708 | Orc:2    | Entered Level 2 of the Orcish Mines
 25722 | Orc:2    | Noticed Saint Roka
 25840 | Orc:2    | Killed Saint Roka
 26653 | Orc:2    | Found a staircase to the Elven Halls.
 26820 | Orc:2    | Reached skill level 16 in Hexes
 27008 | Orc:2    | Noticed an orc warlord
 27017 | Orc:2    | Reached XP level 14. HP: 86/86 MP: 7/22
 27238 | Orc:2    | Killed an orc warlord
 27304 | Orc:2    | Noticed an orc warlord
 27328 | Orc:2    | Killed an orc warlord
 28667 | Orc:2    | Found Leopoklu's Distillery.
 28670 | Orc:2    | Found Cosin's General Store.
 30037 | D:12     | Killed Josephine
 30521 | D:13     | Learned a level 8 spell: Discord
 30664 | D:13     | Reached skill level 17 in Hexes
 31229 | D:14     | Found a gate to the Vaults.
 31619 | D:14     | Reached skill level 18 in Hexes
 32525 | Orc:2    | Bought a scroll of teleportation for 42 gold pieces
 32527 | Orc:2    | Bought a potion of heal wounds for 90 gold pieces
 32527 | Orc:2    | Bought a potion of heal wounds for 90 gold pieces
 32527 | Orc:2    | Bought a potion of invisibility for 144 gold pieces
 33071 | Orc:2    | Reached skill level 19 in Hexes
 33889 | Orc:2    | Found Umeom's Antique Armour Shop.
 33889 | Orc:2    | Found Xeitann's Jewellery Boutique.
 33918 | Orc:2    | Found a one-way gate leading to the halls of Pandemonium.
 33993 | Orc:2    | Bought a potion of resistance for 180 gold pieces
 34088 | Orc:2    | Identified the +1 hat of Boseh {-Tele rElec rPois Dex+3}
 34715 | Lair:5   | Found a staircase to the Slime Pits.
 34715 | Lair:5   | Found a viscous altar of Jiyva.
 35316 | Elf:1    | Entered Level 1 of the Elven Halls
 35332 | Elf:1    | Reached skill level 20 in Hexes
 35332 | Elf:1    | Reached XP level 15. HP: 92/92 MP: 17/25
 35484 | Elf:1    | Noticed Donald
 35574 | Elf:2    | Identified the +0 scale mail "Quow Kom" {Will- Str+6}
 35802 | Elf:2    | Learned a level 3 spell: Tukima's Dance
 35814 | Elf:2    | Found a runed translucent gate.
 35814 | Elf:2    | Found a runed translucent gate.
 35814 | Elf:2    | Found a runed translucent gate.
 35910 | Elf:1    | Noticed Agnes
 35919 | Elf:1    | Killed Agnes
 36014 | Elf:1    | Identified the serpent talisman of Whack-A-Mole {rElec}
 36014 | Elf:1    | Noticed Aizul
 36022 | Elf:1    | Paralysed by an air elemental for 1 turns
 36293 | Elf:3    | Entered Level 3 of the Elven Halls
 37363 | Spider:1 | Entered Level 1 of the Spider Nest
 37537 | Spider:1 | Slain by a ghost moth

Illustrated notes

Levels and vault maps discovered:
D:1:      saegor_arrival_under_anarchy, layout_rooms, serial_shops, shop,
          minmay_misc_feat_columns, corexii_item_surrounded_by_moat,
          chequers_decorated_corner
D:2:      layout_loops_ring, basic_altar,
          chequers_ecumenical_altar_simple_redux, uniq_robin
D:3:      layout_basic, mainiacjoe_overflow_alcove_2, ebering_ghost_sewer_f
D:4:      layout_cave_pools, mainiacjoe_overflow_tiny_flanked,
          mainiacjoe_overflow_boulevard
D:5:      nicolae_cairo_tiling_very_big, layout_basic, temple_hall,
          kennysheep_dice
D:6:      layout_loops_ring, grunt_dithmenos_smoke_and_mirrors,
          minmay_misc_feat_encased, st_stairs_7, kb_lookout_dungeons_type,
          grunt_ministairs_6, uniq_edmund
D:7:      layout_gridville, grunt_temple_overflow_order_and_chaos_2,
          lemuel_doored_altar, kennysheep_small_spiral, uniq_menkaure
D:8:      layout_basic, lemuel_crystal_altar,
          mainiacjoe_overflow_catwalk_spiral, hellmonk_lair_entry_icy,
          the_hattery, uniq_grum
D:9:      layout_rooms, mainiacjoe_overflow_brackets, kennysheep_little_box,
          serial_shops, shop
D:10:     layout_loops_ring, mainiacjoe_overflow_24_doors,
          mainiacjoe_overflow_paths, minmay_orc_entry_guard_dogs, serial_shops,
          nicolae_shop_hallway_stairs, nicolae_shop_tiny_statue_garden, shop,
          shop, uniq_gastronok, uniq_erolcha
D:11:     layout_cave_pods, kennysheep_generic_room_5
D:12:     layout_cave_pools, portal_ice_cave_entry_pillars_1, uniq_josephine,
          uniq_sonja, uniq_nergalle
D:13:     layout_basic
D:14:     dreamdust_isle_of_ice, layout_small_grid, erik_vaults_1,
          hangedman_decor_peaks_small
Temple:   hellmonk_temple_beads
Lair:1:   layout_big_grid, beast_lair_carwin_1
Lair:2:   layout_roguey, nicolae_spider_entry_non_spiders,
          gammafunk_ghost_cemetery, columned_hall_lemuel
Lair:3:   layout_hall_layers, mainiacjoe_swamp_entry_angry_trees,
          grunt_megastairs_2, uniq_snorg
Lair:4:   layout_long_grid, gammafunk_lair_bear_cave
Lair:5:   guppyfry_lair_end_dragon, layout_regular_city,
          hangedman_lair_caniforms_friends, minmay_slime_entry_pillars,
          disabler_island
Spider:1: layout_chambers, guppyfry_spider_mini_3
Orc:1:    dreamdust_under_siege, layout_diamond_mine
Orc:2:    pf_orc_diabolical, layout_diamond_mine, hangedman_minor_magic,
          uniq_saint_roka
Elf:1:    eino_elf_arrival_customs, layout_onion_city,
          nicolae_elf_crossing_hall, minmay_misc_feat_ornament,
          hellmonk_sif_muna_bookshelves, uniq_agnes, uniq_donald, uniq_aizul
Elf:2:    elven_hall_of_blades_hangedman_original [mumra_blade_entry_dagger],
          layout_gridlike, serial_shops, shop, hangedman_elf_targeted_burst
Elf:3:    minmay_elf_hall_not_hex, layout_onion_city

Skill      XL: |  1  2  3  4  5  6  7  8  9 10 11 12 13 14 15 |
---------------+----------------------------------------------+-----
Conjurations   | 1 |  1.1
Fire Magic     | 3 |  3.3
Hexes          | 2 4 5 6 8 9 10 11 13 16 20 | 20.6
Fighting       | 1 2 3 4 5 6 7 8 9 |  9.9
Stealth        | 4 5 6 7 9 11 | 11.1
Spellcasting   | 3 4 5 7 8 |  8.8
Short Blades   | 2 4 6 8 9 10 11 | 11.1
Dodging        | 3 5 6 7 9 10 11 | 11.1
Shields        | 1 3 |  3.3
Armour         | 1 3 |  3.3
Invocations    | 2 3 5 6 |  6.6
Alchemy        | 2 3 5 |  5.5

Action                     |  1- 3 |  4- 6 |  7- 9 | 10-12 | 13-15 || total
---------------------------+-------+-------+-------+-------+-------++-------
  Melee: Bite              |     2 |       |     5 |    56 |    17 ||    80
         Dagger            |     8 |     2 |    17 |   315 |   150 ||   492
         Unarmed           |     1 |       |       |       |       ||     1
  Throw: Stone             |       |       |    14 |       |       ||    14
         Dart              |       |       |       |    13 |    40 ||    53
         Throwing net      |       |       |       |       |     1 ||     1
   Cast: Foxfire           |    73 |    86 |   113 |   141 |   266 ||   679
         Inner Flame       |       |    11 |    62 |    88 |   222 ||   383
         Scorch            |       |     3 |    29 |    50 |    92 ||   174
         Dazzling Flash    |       |       |     1 |    95 |    35 ||   131
         Cause Fear        |       |       |       |       |    78 ||    78
         Tukima's Dance    |       |       |       |       |    37 ||    37
         Yara's Violent Un |       |       |       |       |    52 ||    52
         Discord           |       |       |       |       |    44 ||    44
 Invoke: Channel Magic     |       |       |       |       |    22 ||    22
Ability: End Transformatio |       |       |       |       |     1 ||     1
         Bat Form          |       |       |       |       |     1 ||     1
         Exsanguinate      |       |       |       |       |     1 ||     1
  Evoke: Wand              |       |       |       |    17 |    44 ||    61
    Use: Scroll            |       |     6 |     5 |    23 |    26 ||    60
         Potion            |       |     1 |       |     2 |    13 ||    16
   Stab: Sleeping          |       |       |     2 |     5 |     9 ||    16
         Invisible         |       |       |     1 |    50 |    19 ||    70
         Fleeing           |       |       |       |       |     1 ||     1
         Held in net/web   |       |       |       |       |     1 ||     1
         Distracted        |       |       |       |       |     2 ||     2
 Armour: Robe              |    18 |    18 |     6 |       |   161 ||   203
         Ring mail         |       |       |    43 |   181 |    42 ||   266
         Skin              |       |       |       |       |     2 ||     2
  Dodge: Dodged            |    13 |    13 |    30 |   166 |   221 ||   443
  Block: Buckler           |       |       |    20 |   134 |    95 ||   249
